 Dungeon Sprint DCSS version 0.30.1-3-gfc49f6343a (webtiles) character file.

Game seed: 14458802170530838454

29758 Groucho the Imperceptible (level 13, -10/75 HPs)
             Began as a Felid Fighter on July 23, 2023.
             Was a Follower of Uskayaw.
             Killed from afar by Nikola (28 damage)
             ... with an arc of chain lightning
             ... in the Dungeon (Sprint IX: "|||||||||||||||||||||||||||||") on July 24, 2023.
             The game lasted 00:17:46 (9579 turns).

Groucho the Imperceptible (Felid Fighter)           Turns: 9579, Time: 00:17:46

Health: -10/75     AC:  3    Str: 12    XL:     13   Next: 16%
Magic:  27/27      EV: 51    Int: 10    God:    Uskayaw [*.....]
Gold:   1232       SH:  0    Dex: 26    Spells: 12/12 levels left
                                        Lives:  0   Deaths: 3

rFire   + .          .
                       - Unarmed
rCold   + + .        (shield unavailable)
rNeg    . . .        (body armour unavailable)
rPois   +            (helmet unavailable)
rElec   +            (cloak unavailable)
rCorr   +            (gloves unavailable)
SInv    +            (boots unavailable)
Will    +....        (no amulet)
Stlth   ++++++++++   x - +4 ring of evasion
HPRegen 0.32/turn    z - +6 ring of dexterity
MPRegen 0.20/turn

%: no teleportation
@: resistant, quick
A: very small, claws 1, fangs 3, see invisible, speed 1, shaggy fur 3, stealthy
paws, no weapons or thrown items, no armour, multi-lived
a: Renounce Religion, Stomp


You were in the Dungeon.
You worshipped Uskayaw.
Uskayaw was most pleased with you.
You visited 1 branch You collected 1921 gold pieces.
You spent 689 gold pieces at shops.

Inventory:

Jewellery
 r - a ring of willpower
 v - a +4 ring of protection
 x - a +4 ring of evasion (left paw)
 y - a ring of wizardry
 z - a +6 ring of dexterity (right paw)
Wands
 c - a wand of charming (12)
 i - a wand of iceblast (10)
 o - a wand of flame (6)
Scrolls
 f - 2 scrolls of fear
 g - 2 scrolls of blinking
 h - 2 scrolls of amnesia
 l - 4 scrolls of fog
 m - 11 scrolls of identify
 p - a scroll of immolation {unknown}
 q - 3 scrolls of poison {unknown}
Potions
 a - a potion of might
 b - 3 potions of curing
 d - 2 potions of berserk rage
 e - 4 potions of magic
 n - a potion of mutation {unknown}
 t - 4 potions of heal wounds
 u - 2 potions of brilliance


   Skills:
 + Level 19.6 Fighting
 + Level 24.6 Dodging
 + Level 26.2 Stealth
 + Level 19.7 Unarmed Combat
 + Level 19.3 Invocations


You had 12 spell levels left.
You didn't know any spells.
Your spell library was empty.

Dungeon Overview and Level Annotations

Branches:
Dungeon (1/1)

Altars:
Cheibriados
Dithmenos
Elyvilon
Fedhas
Gozag
Hepliaklqana
Kikubaaqudgha
Makhleb
Nemelex Xobeh
Okawaru
Qazlal
Ru
Sif Muna
Trog
Uskayaw
Vehumet
Wu Jian
Xom
Yredelemnul
Zin
The Shining One
Jiyva
Lugonu

Shops:
D ?*([

Annotations:
D Nikola


Innate Abilities, Weirdness & Mutations

You have sharp claws.
You have razor-sharp teeth.
You have supernaturally acute eyesight. (SInv)
You cover ground quickly. (Speed+)
Your thick and shaggy fur keeps you warm. (AC +3, rC+)
Your paws help you pounce on unaware monsters.
You are incapable of wielding weapons or throwing items.
You cannot wear armour.
You gain extra lives every three experience levels.


Message History

You can no longer pass through a line of other dancers.
Rupert misses you.
You mangle Rupert!! You claw Rupert.
Rupert is severely wounded.
Rupert hits himself with a +1 great sword of holy wrath!!
You can now pass through a line of other dancers.
You catch the helpless Rupert completely off-guard!
You eviscerate Rupert!!!!
You kill Rupert!
Things that are here:
a +1 great sword of holy wrath; a +0 ring mail You start resting.
Magic restored.
Nikola the Mad Inventor comes into view.
He is wielding a +3 rapier of electrocution.
Nikola shouts!
You hear a deafening roar!
Nikola drinks a potion.
Nikola's spells are empowered!
You hear a roar!
You hear a shout!
You hear a roar! x2; You hear a deafening roar! x2; You hear a roar!
Nikola mumbles some strange words.
Lightning arcs from Nikola's hands!
The bolt of lightning hits you!!!
Ouch! That really hurt!
A bolt of lightning appears from out of thin air!
The bolt of lightning hits Nikola!
You hear a roar!
You hear a faint skittering sound.
You hear a shout! x2
Nikola hits you with a +3 rapier of electrocution!!
* * * LOW HITPOINT WARNING * * *
You claw Nikola!
Nikola is lightly wounded.
Nikola gestures wildly while chanting.
Nikola blinks!
Nikola misses you.
You claw Nikola!
Nikola is lightly wounded.
Nikola mumbles some strange words.
Nikola blinks!
You feel protected.
Nikola gestures wildly while chanting.
Lightning arcs from Nikola's hands!
The bolt of lightning hits you!! You resist.
You die...

.▓(▓.▓'▓.▓.▓.▓.▓.♣,*,*,*,*,*,*,*,
.▓)▓.♣.♣.▓)▓.▓.▓.♣,*,*,*,*,*,*,*,
.▓.▓.♣†♣.▓[▓.▓.▓.♣,*,*,*,*,*,*+*,
.▓'▓.♣.♣.▓.▓.▓.▓.♣,*,*,*,*,*,*,*,
.▓.▓.♣.♣.▓)▓.▓.▓.♣,*,*,*,*,*,*,*,
.▓.▓.♣.♣.▓.▓.▓.▓.♣,*,*,*,*,*,*,*,
.▓.▓.♣.♣.▓)▓.▓.▓.♣,*,*,*,*,*,*,*,
.▓.▓.♣.♣.▓)▓.▓.▓.♣,*,*,*,*,*,*,*,
.▓.▓.♣.♣.▓)▓.▓.▓@♣,*,*,*,*,*,*,*,
.▓.▓.♣.♣.▓'▓.▓[▓§♣,*,*+*,*,*,*,*,
.▓.▓.♣'♣.▓.▓.▓[▓.♣+*,*,*,*,*,*,*,
.▓)▓.▓.▓.▓.▓.▓[▓.▓,*,*,*,*,*,*+*,
.▓.▓.▓†▓.▓.▓.▓[▓.▓,*,*,*,*,*,*,*,
.▓(▓.▓.▓)▓.▓.▓[▓.▓,*,*,*,*,*,*,*,
.▓)▓.▓.▓.▓)▓.▓[▓@▓,*,*,*,*,*,*,*,
.▓[▓.▓.▓.▓.▓.▓.▓.▓,*,*,*,*,*,*,*,
.▓[▓.▓.▓.▓)▓.▓.▓,*,*,*,*,*,*,*,*,


You could see Nikola (empowered).

Vanquished Creatures
  Mara (D)
  Rupert (D)
  A sphinx (D)
  Kirke (D)
  2 shadow dragons (D)
  A fire giant (D)
  An azure jelly (shapeshifter) (D)
  A fenstrider witch (D)
  2 frost giants (D)
  Aizul (D)
  A vault warden (D)
  2 ironbound preservers (D)
  An orc warlord (D)
  2 stone giants (D)
  An ironbound thunderhulk (D)
  Nessos (D)
  2 very ugly things (D)
  2 bunyips (D)
  2 yaktaur captains (D)
  4 ettins (D)
  2 fire dragons (D)
  An ice dragon (D)
  A rakshasa (D)
  Harold (D)
  A great orb of eyes (D)
  A hydra (D)
  A boulder beetle (D)
  A ghost crab (D)
  An ironbound frostheart (D)
  3 centaur warriors (D)
  A naga warrior (D)
  An alligator (D)
  A deep troll earth mage (D)
  4 spriggan berserkers (D)
  A tengu warrior (D)
  A shock serpent (D)
  A vampire mage (D)
  Nergalle (D)
  2 skysharks (D)
  A bog body (D)
  2 sea snakes (D)
  A wizard (D)
  A glowing orange brain (D)
  A spriggan druid (D)
  An orb spider (D)
  2 lindwurms (D)
  An orc knight (D)
  An ironbound convoker (D)
  5 orc sorcerers (D)
  2 ugly things (D)
  A cyclops (D)
  A manticore (D)
  A salamander (D)
  An elephant (D)
  2 vault sentinels (D)
  2 water nymphs (D)
  5 cane toads (D)
  3 naga magi (D)
  4 black mambas (D)
  A demonic crawler (D)
  A torpor snail (D)
  An unseen horror (D)
  An efreet (D)
  2 komodo dragons (D)
  2 rime drakes (D)
  2 meliai (D)
  2 tarantellas (D)
  2 merfolk (D)
  A wind drake (D)
  A tyrant leech (D)
  3 blink frogs (D)
  2 slime creatures (D)
  A jumping spider (D)
  2 yaks (D)
  A water elemental (D)
  A wraith (D)
  5 hogs (D)
  2 redbacks (D)
  Eustachio (D)
  3 vampire mosquitoes (D)
  3 water moccasins (D)
  An ice beast (D)
  10 orc warriors (D)
  An ogre (D)
  A centaur (D)
  A kobold brigand (D)
  4 bullfrogs (D)
  A scorpion (D)
  A killer bee (D)
  3 orc priests (D)
  14 orc wizards (D)
  2 adders (D)
  6 orcs (D)
  A bat (D)
  2 goblins (D)
  2 kobolds (D)
184 creatures vanquished.

Vanquished Creatures (others)
  A manticore (D)
  A human (D)
  An orc wizard (D)
3 creatures vanquished.

Grand Total: 187 creatures vanquished

Notes
Turn   | Place    | Note
-------+----------+-------------------------------------------
     0 | D        | Groucho the Felid Fighter began the quest for the Orb.
     0 | D        | Reached XP level 1. HP: 10/10 MP: 2/2
     7 | D        | Reached skill level 1 in Stealth
    10 | D        | Reached skill level 1 in Invocations
    14 | D        | Reached skill level 2 in Stealth
   335 | D        | Noticed a scorpion
   335 | D        | Noticed an ice beast
   335 | D        | Noticed an ogre
   341 | D        | Killed an ogre
   342 | D        | Reached skill level 5 in Stealth
   342 | D        | Reached skill level 5 in Unarmed Combat
   342 | D        | Reached XP level 2. HP: 15/15 MP: 2/5
   342 | D        | Reached XP level 3. HP: 19/19 MP: 2/6
   342 | D        | Reached XP level 4. HP: 22/22 MP: 2/7
   344 | D        | Reached skill level 5 in Fighting
   351 | D        | Killed an ice beast
   352 | D        | Reached skill level 7 in Stealth
   352 | D        | Reached XP level 5. HP: 25/27 MP: 2/9
   354 | D        | Reached skill level 5 in Invocations
   709 | D        | Found a snail-covered altar of Cheibriados.
   709 | D        | Found a shadowy altar of Dithmenos.
   709 | D        | Found a white marble altar of Elyvilon.
   709 | D        | Found a blossoming altar of Fedhas.
   709 | D        | Found an opulent altar of Gozag.
   710 | D        | Found a hazy altar of Hepliaklqana.
   711 | D        | Found a viscous altar of Jiyva.
   712 | D        | Found an ancient bone altar of Kikubaaqudgha.
   713 | D        | Found a corrupted altar of Lugonu.
   714 | D        | Found a burning altar of Makhleb.
   715 | D        | Found a sparkling altar of Nemelex Xobeh.
   716 | D        | Found an iron altar of Okawaru.
   717 | D        | Found a stormy altar of Qazlal.
   718 | D        | Found a sacrificial altar of Ru.
   719 | D        | Found a shimmering blue altar of Sif Muna.
   720 | D        | Found a bloodstained altar of Trog.
   721 | D        | Found a hide-covered altar of Uskayaw.
   722 | D        | Found a radiant altar of Vehumet.
   723 | D        | Found an ornate altar of the Wu Jian Council.
   724 | D        | Found a shimmering altar of Xom.
   725 | D        | Found a basalt altar of Yredelemnul.
   726 | D        | Found a glowing silver altar of Zin.
   727 | D        | Found a glowing golden altar of the Shining One.
   743 | D        | Became a worshipper of Uskayaw the Reveller
   770 | D        | Noticed a yak
   770 | D        | Noticed a centaur
   770 | D        | Noticed a vampire mosquito
   772 | D        | Reached * piety under Uskayaw
   773 | D        | Reached skill level 8 in Stealth
   773 | D        | Gained mutation: You are covered in thick fur. (AC +2)
                  | [Felid growth]
   773 | D        | Reached XP level 6. HP: 31/31 MP: 9/11
   774 | D        | Killed a vampire mosquito
   774 | D        | Reached ** piety under Uskayaw
   775 | D        | Reached skill level 9 in Stealth
   776 | D        | Reached *** piety under Uskayaw
   780 | D        | Reached XP level 7. HP: 36/36 MP: 9/13
   781 | D        | Reached **** piety under Uskayaw
   783 | D        | Reached ***** piety under Uskayaw
   786 | D        | Killed a yak
   787 | D        | Reached skill level 10 in Dodging
   787 | D        | Reached skill level 10 in Stealth
   788 | D        | Noticed a centaur warrior
   788 | D        | Noticed a boulder beetle
   788 | D        | Noticed an unseen horror
   788 | D        | Noticed a wraith
   788 | D        | Noticed a purple ugly thing
   790 | D        | Killed a purple ugly thing
   791 | D        | Reached skill level 11 in Stealth
   791 | D        | Reached XP level 8. HP: 41/41 MP: 10/15
   802 | D        | Reached ****** piety under Uskayaw
   808 | D        | Killed an unseen horror
   809 | D        | Reached skill level 12 in Stealth
   809 | D        | Killed a boulder beetle
   811 | D        | Killed a centaur warrior
   812 | D        | Reached skill level 10 in Fighting
   812 | D        | Reached skill level 13 in Stealth
   812 | D        | Reached skill level 10 in Unarmed Combat
   812 | D        | Reached XP level 9. HP: 19/46 MP: 12/17
  1009 | D        | Noticed a komodo dragon
  1009 | D        | Noticed a cane toad
  1009 | D        | Noticed a rime drake
  1017 | D        | Killed a rime drake
  1018 | D        | Noticed a skyshark
  1019 | D        | Noticed a skyshark
  1022 | D        | Killed a komodo dragon
  1022 | D        | Killed a skyshark
  1022 | D        | Killed a skyshark
  1023 | D        | Reached skill level 14 in Stealth
  1023 | D        | Reached skill level 10 in Invocations
  1023 | D        | Reached XP level 10. HP: 47/52 MP: 13/19
  1023 | D        | Killed a cane toad
  1024 | D        | Reached skill level 15 in Stealth
  1259 | D        | Noticed a cane toad
  1259 | D        | Noticed an elephant
  1259 | D        | Noticed a cane toad
  1259 | D        | Noticed a black mamba
  1261 | D        | Killed a black mamba
  1264 | D        | Reached skill level 15 in Dodging
  1264 | D        | Noticed a cane toad
  1267 | D        | Killed a cane toad
  1274 | D        | Killed an elephant
  1275 | D        | Reached skill level 16 in Stealth
  1280 | D        | Killed a cane toad
  1281 | D        | Killed a cane toad
  1288 | D        | Noticed a cane toad
  1301 | D        | Killed a cane toad
  1308 | D        | Reached XP level 11. HP: 53/57 MP: 16/21
  1426 | D        | Reached skill level 17 in Stealth
  1434 | D        | Noticed an orc knight
  1468 | D        | Killed an orc knight
  1499 | D        | Noticed an orc sorcerer
  1512 | D        | Killed an orc sorcerer
  1528 | D        | Found Momp's Antique Armour Boutique.
  1528 | D        | Noticed an orc sorcerer
  1529 | D        | Noticed an orc sorcerer
  1537 | D        | Killed an orc sorcerer
  1539 | D        | Found Ujajewaq's Weapon Shop.
  1548 | D        | Killed an orc sorcerer
  1549 | D        | Found Fuloupp's Assorted Antiques.
  1549 | D        | Noticed an orc sorcerer
  1552 | D        | Noticed a sixfirhy
  1573 | D        | Found Sicvyije's Magic Scroll Shop.
  1573 | D        | Noticed an orc sorcerer
  1575 | D        | Reached skill level 18 in Stealth
  1583 | D        | Killed an orc sorcerer
  1596 | D        | Killed an orc sorcerer
  1721 | D        | Bought a scroll of magic mapping for 90 gold pieces
  1721 | D        | Bought a scroll of identify for 24 gold pieces
  1721 | D        | Bought a scroll of identify for 24 gold pieces
  1721 | D        | Bought a scroll of identify for 24 gold pieces
  1721 | D        | Bought a scroll of blinking for 90 gold pieces
  1721 | D        | Bought a scroll of identify for 24 gold pieces
  1721 | D        | Bought a scroll of fog for 48 gold pieces
  1723 | D        | Bought a scroll of blinking for 127 gold pieces
  1723 | D        | Bought a bronze wand for 68 gold pieces
  1723 | D        | Bought a scroll labelled WAROC DYUGGUENUCI for 17 gold
                  | pieces
  1723 | D        | Bought 3 scrolls labelled VUDOLUSCH ZIMEM for 51 gold
                  | pieces
  1723 | D        | Bought a scroll of identify for 34 gold pieces
  1723 | D        | Bought a scroll of identify for 34 gold pieces
  1723 | D        | Bought a scroll of identify for 34 gold pieces
  1983 | D        | Noticed Harold
  1990 | D        | Killed Harold
  2072 | D        | Noticed a tengu warrior
  2072 | D        | Noticed a centaur warrior
  2072 | D        | Noticed a purple ugly thing
  2074 | D        | Killed a purple ugly thing
  2075 | D        | Noticed a centaur warrior
  2077 | D        | Noticed a stone giant
  2080 | D        | Killed a centaur warrior
  2081 | D        | Noticed a frost giant
  2082 | D        | Killed a tengu warrior
  2083 | D        | Reached skill level 19 in Stealth
  2394 | D        | Noticed a shadow dragon
  2394 | D        | a shadow dragon changed into an iron giant
  2394 | D        | Noticed an iron giant (glowing shapeshifter)
  2397 | D        | an iron giant changed into a fenstrider witch
  2397 | D        | Noticed a fenstrider witch (glowing shapeshifter)
  2400 | D        | a fenstrider witch changed into a shadow dragon
  2400 | D        | Noticed a shadow dragon (glowing shapeshifter)
  2405 | D        | HP: 1/60 [centaur warrior (5)]
  2406 | D        | a shadow dragon changed into a fire giant
  2406 | D        | Noticed a fire giant (glowing shapeshifter)
  2407 | D        | a fire giant changed into an azure jelly
  2407 | D        | Noticed an azure jelly (glowing shapeshifter)
  2411 | D        | Killed an azure jelly
  2412 | D        | Gained mutation: Your thick and shaggy fur keeps you warm.
                  | (AC +3, rC+) [Felid growth]
  2412 | D        | Reached XP level 12. HP: 22/64 MP: 15/23
  2412 | D        | Killed a centaur warrior
  2589 | D        | Killed a stone giant
  2662 | D        | Noticed a vampire mage
  2675 | D        | Killed a vampire mage
  2756 | D        | Slain by a frost giant
  2757 | D        | Reached XP level 11. HP: -2/60 MP: 22/22
  2894 | D        | Killed a frost giant
  2895 | D        | Reached skill level 20 in Stealth
  2895 | D        | Reached skill level 15 in Unarmed Combat
  3072 | D        | Noticed an ettin
  3077 | D        | Killed an ettin
  3078 | D        | Reached skill level 15 in Fighting
  3101 | D        | Noticed an ettin
  3107 | D        | Noticed a stone giant
  3115 | D        | Killed an ettin
  3121 | D        | Killed a stone giant
  3284 | D        | Noticed Eustachio
  3289 | D        | Noticed Nergalle
  3291 | D        | Killed Eustachio
  3312 | D        | Killed Nergalle
  3313 | D        | Reached skill level 15 in Invocations
  3766 | D        | Noticed Nessos
  3773 | D        | Killed Nessos
  3803 | D        | Noticed a shock serpent
  3810 | D        | Noticed a naga warrior
  3816 | D        | Killed a naga warrior
  3817 | D        | Reached skill level 21 in Stealth
  3817 | D        | Reached XP level 12. HP: 31/66 MP: 20/24
  5065 | D        | Noticed a ghost crab
  5065 | D        | Noticed an alligator
  5065 | D        | Noticed a seven-headed hydra
  5065 | D        | Noticed a fenstrider witch
  5079 | D        | Paralysed by a fenstrider witch for 3 turns
  5092 | D        | Paralysed by a fenstrider witch for 2 turns
  5104 | D        | Killed a fenstrider witch
  5539 | D        | Killed a seven-headed hydra
  5540 | D        | Reached skill level 22 in Stealth
  5541 | D        | Killed an alligator
  5571 | D        | Noticed a bunyip
  5572 | D        | Noticed a bunyip
  5577 | D        | Killed a ghost crab
  5579 | D        | Killed a bunyip
  5581 | D        | Killed a bunyip
  5606 | D        | Slain by a demonic crawler
  5607 | D        | Reached XP level 11. HP: -3/63 MP: 24/24
  5776 | D        | Killed an orb spider
  5777 | D        | Reached XP level 12. HP: 68/68 MP: 25/25
  5807 | D        | Noticed Aizul
  5814 | D        | Killed Aizul
  5815 | D        | Reached skill level 23 in Stealth
  5849 | D        | Noticed Kirke
  5861 | D        | Killed Kirke
  6056 | D        | Noticed an ettin
  6056 | D        | Noticed a fire dragon
  6056 | D        | Noticed an ice dragon
  6056 | D        | Noticed a brown very ugly thing
  6057 | D        | Noticed a frost giant
  6061 | D        | Noticed a death yak
  6076 | D        | HP: 3/68 [spriggan berserker/+0 quarterstaff (39)]
  6286 | D        | Noticed a death yak
  6690 | D        | Killed a brown very ugly thing
  6903 | D        | Killed an ice dragon
  6961 | D        | Noticed a deep troll earth mage
  6962 | D        | Killed a frost giant
  6969 | D        | Killed an ettin
  6974 | D        | Killed a fire dragon
  6975 | D        | Killed a deep troll earth mage
  7527 | D        | Noticed a shadow dragon
  7536 | D        | Killed a shadow dragon
  7537 | D        | Reached skill level 24 in Stealth
  7579 | D        | Noticed a shadow dragon
  7594 | D        | Killed a shadow dragon
  8103 | D        | Noticed a fire dragon
  8113 | D        | Killed a fire dragon
  8114 | D        | Reached XP level 13. HP: 34/73 MP: 21/26
  8485 | D        | Noticed an ettin
  8487 | D        | Noticed a fire giant
  8488 | D        | Noticed a red very ugly thing
  8500 | D        | Killed an ettin
  8507 | D        | Killed a red very ugly thing
  8514 | D        | Killed a fire giant
  9003 | D        | Noticed a vault warden
  9003 | D        | Noticed an ironbound thunderhulk
  9003 | D        | Noticed an orc warlord
  9004 | D        | Noticed an ironbound preserver
  9005 | D        | Killed an orc warlord
  9011 | D        | Killed an ironbound thunderhulk
  9022 | D        | Killed an ironbound preserver
  9023 | D        | Reached skill level 25 in Stealth
  9025 | D        | Killed a vault warden
  9055 | D        | Killed from afar by a lindwurm
  9056 | D        | Reached XP level 12. HP: -16/71 MP: 20/26
  9232 | D        | Noticed Mara
  9239 | D        | Killed Mara
  9268 | D        | Noticed an ironbound preserver
  9272 | D        | Noticed a sphinx
  9282 | D        | Killed a sphinx
  9282 | D        | Killed an ironbound preserver
  9283 | D        | Reached skill level 26 in Stealth
  9283 | D        | Reached XP level 13. HP: 52/75 MP: 23/27
  9527 | D        | Noticed Rupert
  9540 | D        | Killed Rupert
  9569 | D        | Noticed Nikola
  9579 | D        | Killed from afar by Nikola

Illustrated notes

Levels and vault maps discovered:
D:        linesprint [early_d, line_temple, items_1, d_10, items_2, lair_1,
          lair_end, items_3, orc_1, orc_end, items_4, d_15, swamp_1, shoals_1,
          snake_1, spider_1, d_20, vaults_1, items_5, swamp_end, shoals_end,
          snake_end, spider_end, vaults_end, d_27, items_6, zot_1, zot_end,
          crypt_end, forest_end, elf_end, slime_end, tomb_end, abyss_end,
          pan_hell_end]

Skill      XL: |  1  2  3  4  5  6  7  8  9 10 11 12 13 |
---------------+----------------------------------------+-----
Stealth        | 5 7 8 9 11 13 14 16 21 26 25 | 26.2
Invocations    | 3 4 5 6 8 9 10 12 15 19 18 | 19.3
Fighting       | 4 5 6 7 8 10 11 12 17 18 19 | 19.6
Dodging        | 6 7 8 9 11 13 14 16 19 24 23 | 24.6
Unarmed Combat | 5 6 7 8 9 10 11 12 15 18 19 | 19.7

Action                     |  1- 3 |  4- 6 |  7- 9 | 10-12 | 13-15 || total
---------------------------+-------+-------+-------+-------+-------++-------
  Melee: Unarmed           |    15 |    16 |    35 |   392 |    58 ||   516
         Bite              |     1 |     1 |     7 |    54 |    10 ||    73
         Punch             |       |     1 |       |    44 |     9 ||    54
 Invoke: Line Pass         |       |       |     1 |    27 |     8 ||    36
    Use: Potion            |     1 |     2 |       |    18 |     2 ||    23
         Scroll            |       |       |       |     5 |     1 ||     6
   Stab: Sleeping          |       |     3 |     1 |    21 |     2 ||    27
         Invisible         |       |     1 |     3 |       |       ||     4
         Paralysed         |       |       |     1 |    22 |     3 ||    26
         Confused          |       |       |       |    22 |    11 ||    33
         Distracted        |       |       |       |     8 |       ||     8
 Armour: Skin              |       |       |     1 |     2 |       ||     3
  Dodge: Dodged            |     8 |     4 |    21 |   302 |    25 ||   360
